Map: Terraform LE (Void)

Players

LESTER

  • Race: Zerg Zerg
  • League: Platinum

ImotoFantasy - Winner!

  • Race: Protoss Protoss
  • League: Gold

VOD

Have the link to the VOD?

Description

Time

  • Played on: Oct. 25, 2015, 8 p.m.
  • Length: 30:43
Show
View Real Time Build Order
Export as new Build Order

LESTER Zerg 

Build Orders: Hatch First 

Get SALT Encoding   

  12  0:01  Drone  
  13  0:09  Drone  
  14  0:18  Overlord  
  14  0:37  Drone x3  
  17  0:56  Hatchery  
  16  1:02  Drone  
  17  1:13  Spawning Pool  
  17  1:16  Extractor  
  17  1:17  Drone  
  16  1:21  Drone  
  16  1:25  Drone  
  18  1:31  Drone  
  19  1:45  Overlord  
  19  1:59  Drone  
  19  2:00  Queen  
  22  2:06  Drone  
  23  2:12  Drone, Queen  
  23  2:14  Zergling x2  
  27  2:23  Metabolic Boost  
  27  2:26  Drone x2  
  29  2:31  Drone  
  31  2:37  Drone  
  31  2:42  Drone  
  32  2:51  Hatchery  
  32  2:54  Drone x2  
  33  3:00  Drone  
  34  3:11  Overlord  
  34  3:12  Drone x2  
  36  3:22  Overlord  
  36  3:33  Drone x6  
  42  3:36  Queen  
  42  3:39  Queen  
  46  3:47  Overlord  
  46  3:49  Drone  
  46  3:53  Evolution Chamber  
  46  4:02  Overlord  
  46  4:17  Queen  
  45  4:20  Drone  
  45  4:21  Drone x7, Spore Crawler  
  54  4:25  Spore Crawler  
  54  4:27  Spore Crawler  
  54  4:28  Zerg Ground Armor Level 1  
  54  4:29  Drone x2  
  54  4:30  Drone x2  
  56  4:34  Drone x4  
  56  4:36  Drone  
  61  4:40  Overlord  
  61  4:44  Extractor  
  60  4:47  Extractor  
  60  4:49  Drone, Extractor  
  60  4:51  Drone x2  
  61  4:59  Overlord  
  61  5:01  Drone  
  61  5:03  Drone x3, Extractor  
  61  5:04  Drone x3  
  61  5:05  Extractor  
  66  5:09  Drone  
  66  5:14  Zergling x4  
  69  5:22  Hatchery  
  68  5:30  Roach Warren  
  68  5:32  Evolution Chamber  
  68  5:33  Overlord  
  68  5:34  Drone  
  68  5:35  Drone x2  
  69  5:37  Drone  
  69  5:38  Drone x3  
  73  5:45  Drone x5  
  78  6:01  Zergling x18  
  78  6:02  Spine Crawler x2  
  85  6:05  Zerg Melee Weapons Level 1  
  85  6:09  Lair  
  85  6:13  Zergling x4  
  85  6:14  Zergling x4  
  85  6:15  Zergling x2  
  90  6:20  Overlord  
  90  6:21  Overlord  
  90  6:33  Queen x2  
  90  6:34  Zergling x2  
  90  6:35  Zergling x2  
  90  6:38  Queen  
  98  6:40  Overlord x4  
  98  6:41  Drone  
  97  6:56  Drone x2  
  97  6:57  Drone x4  
  97  6:58  Zergling x2  
  102  7:01  Zergling x2  
  102  7:03  Drone  
  102  7:04  Drone  
  104  7:09  Pneumatized Carapace  
  104  7:15  Queen  
  104  7:16  Zerg Ground Armor Level 2  
  106  7:23  Hydralisk Den, Infestation Pit  
  106  7:25  Spore Crawler x2, Queen  
  106  7:27  Drone  
  100  7:33  Zergling x2  
  100  7:34  Zergling x16  
  97  7:46  Drone x3  
  97  7:50  Glial Reconstitution  
  100  7:59  Nydus Network, Hydralisk  
  100  8:00  Hydralisk x10  
  121  8:17  Zerg Melee Weapons Level 2  
  121  8:20  Overlord x2  
  121  8:22  Muscular Augments  
  119  8:29  Hive  
  118  8:37  Queen  
  118  8:39  Drone x3  
  123  8:43  Spine Crawler  
  123  8:44  Drone  
  123  8:45  Spore Crawler  
  123  8:46  Spine Crawler  
  121  8:58  Nydus Canal  
  121  9:02  Roach x2  
  131  9:03  Hydralisk, Roach x6  
  131  9:04  Hydralisk x2  
  131  9:05  Overlord x3  
  131  9:07  Overlord x2  
  131  9:09  Extractor  
  142  9:11  Extractor  
  141  9:19  Overseer  
  108  9:39  Hydralisk x10  
  108  9:40  Hydralisk x4  
  108  9:43  Hydralisk  
  125  9:50  Zergling x2  
  125  9:51  Zergling x6  
  129  9:59  Spire  
  128  10:00  Adrenal Glands  
  128  10:22  Drone x2  
  128  10:23  Drone  
  128  10:25  Drone x9  
  140  10:32  Spire  
  125  10:58  Hydralisk  
  125  10:59  Hydralisk x12  
  125  11:01  Overlord  
  129  11:13  Corruptor x3  
  129  11:15  Corruptor  
  137  11:22  Nydus Canal  
  137  11:29  Corruptor x2  
  137  11:30  Corruptor  
  143  11:33  Viper x2  
  149  11:48  Nydus Canal  
  149  11:52  Corruptor  
  149  11:53  Corruptor x3  
  157  11:55  Overlord  
  157  12:03  Zergling x14  
  152  12:39  Viper  
  152  12:40  Viper x2  
  152  12:41  Corruptor x4  
  169  12:44  Overlord  
  169  12:45  Zergling x2  
  169  12:46  Zergling x18  
  179  12:59  Drone, Spore Crawler x2  
  179  13:01  Spore Crawler x3  
  179  13:04  Spore Crawler  
  174  13:12  Hatchery  
  173  13:21  Hatchery  
  173  13:24  Drone  
  173  13:25  Drone x2  
  175  13:31  Corruptor  
  175  13:33  Zerg Flyer Weapons Level 1, Zerg Flyer Armor Level 1  
  177  13:36  Zerg Missile Weapons Level 1  
  172  13:44  Hydralisk  
  172  13:45  Hydralisk x4  
  172  13:47  Zergling x4  
  137  14:30  Viper  
  137  14:31  Viper x2, Hydralisk  
  127  14:32  Hydralisk x9  
  151  14:45  Drone x2  
  149  15:02  Spore Crawler  
  149  15:04  Spore Crawler  
  149  15:05  Drone  
  148  15:30  Extractor  
  65  16:06  Zergling x2  
  65  16:07  Zergling x32  
  82  16:13  Drone x3  
  82  16:16  Extractor, Queen  
  82  16:17  Extractor  
  81  16:29  Zerg Ground Armor Level 3, Zerg Missile Weapons Level 2  
  81  16:30  Zerg Flyer Armor Level 2  
  81  16:31  Zerg Flyer Weapons Level 2  
  71  17:10  Hydralisk  
  71  17:11  Hydralisk x17  
  99  17:46  Hatchery  
  98  18:03  Zergling x6  
  101  18:11  Hatchery  
  100  18:30  Hatchery  
  93  18:57  Zergling x2  
  93  18:58  Zergling x14  
  101  19:14  Drone x2  
  101  19:15  Extractor  
  98  19:18  Extractor  
  98  19:24  Nydus Canal  
  97  19:26  Drone  
  97  19:28  Drone x2  
  97  19:29  Drone x7  
  108  19:43  Hydralisk x3  
  104  20:14  Hydralisk x2  
  110  20:22  Hatchery  
  110  20:24  Zerg Missile Weapons Level 3  
  105  20:29  Zergling x2  
  105  20:30  Zergling x8  
  103  21:04  Hydralisk x9  
  112  21:33  Hatchery  
  112  21:36  Hatchery  
  96  22:02  Hydralisk  
  96  22:03  Hydralisk x5  
  96  22:06  Zergling x2  
  111  22:20  Viper  
  112  22:49  Zergling x2  
  112  22:50  Zergling x26  
  126  22:55  Extractor  
  126  22:56  Extractor  
  124  23:00  Extractor  
  124  23:03  Hatchery  
  124  23:05  Zergling x10  
  127  23:24  Hatchery  
  126  23:31  Zergling x14  
  132  24:01  Viper  
  135  24:02  Hydralisk  
  137  24:14  Overlord  
  137  24:15  Overlord x2  
  137  24:19  Zergling x10  
  137  24:38  Hatchery  
  108  24:49  Viper x2  
  113  24:54  Drone  
  113  24:55  Drone  
  112  25:18  Zergling x2  
  112  25:19  Zergling x16  
  112  25:20  Drone x3  
  124  25:22  Extractor  
  124  25:23  Extractor  
  124  25:28  Queen  
  119  25:42  Hatchery  
  113  26:02  Hydralisk x9  
  113  26:03  Hydralisk x6  
  141  26:20  Zergling x2  
  141  26:21  Zergling x4  
  62  27:10  Extractor x2  
  31  27:43  Zergling x12  
  29  27:45  Drone x3  
  32  28:08  Swarm Host x4  
  32  28:12  Hatchery  
  43  28:23  Hatchery  
  43  28:25  Overlord x2  
  43  28:26  Overlord x2  
  48  28:59  Drone  
  48  29:00  Drone x2  
  45  29:15  Drone  
  41  29:45  Drone  
  41  29:46  Drone x2  
  41  29:48  Drone x2  
  41  29:49  Drone  
Show
View Real Time Build Order
Export as new Build Order

ImotoFantasy Protoss - Winner!

Build Orders: Nexus First 

Get SALT Encoding   

  12  0:00  Probe (Chrono Boost)  
  13  0:11  Probe (Chrono Boost)  
  14  0:24  Pylon  
  14  0:25  Probe (Chrono Boost)  
  15  0:42  Probe (Chrono Boost)  
  16  0:53  Probe (Chrono Boost)  
  17  1:00  Nexus  
  17  1:05  Probe (Chrono Boost)  
  18  1:16  Probe (Chrono Boost)  
  19  1:29  Gateway  
  19  1:30  Probe (Chrono Boost)  
  20  1:33  Assimilator  
  20  1:36  Assimilator  
  20  1:41  Probe (Chrono Boost)  
  21  1:53  Pylon  
  21  1:55  Probe (Chrono Boost)  
  22  2:06  Probe (Chrono Boost)  
  23  2:12  Probe (Chrono Boost)  
  24  2:16  Probe (Chrono Boost)  
  24  2:19  Zealot, Pylon  
  27  2:23  Probe (Chrono Boost)  
  27  2:27  Probe (Chrono Boost)  
  29  2:33  Probe (Chrono Boost)  
  30  2:39  Cybernetics Core  
  30  2:41  Probe (Chrono Boost)  
  32  2:44  Probe (Chrono Boost)  
  32  2:52  Probe (Chrono Boost)  
  32  2:54  Probe (Chrono Boost)  
  34  3:02  Probe (Chrono Boost)  
  34  3:05  Probe (Chrono Boost)  
  36  3:13  Probe (Chrono Boost)  
  36  3:18  Mothership Core (Chrono Boost)  
  39  3:24  Sentry  
  39  3:25  Probe (Chrono Boost)  
  42  3:28  Stargate  
  42  3:33  Assimilator  
  42  3:35  Probe (Chrono Boost), Assimilator  
  42  3:36  Probe (Chrono Boost)  
  42  3:37  Pylon  
  44  3:42  Pylon  
  44  3:43  Warp Gate  
  44  3:46  Probe (Chrono Boost)  
  45  3:51  Zealot  
  45  3:52  Probe (Chrono Boost)  
  48  3:56  Probe (Chrono Boost)  
  48  4:02  Probe (Chrono Boost)  
  50  4:06  Probe (Chrono Boost), Pylon  
  51  4:12  Pylon, Void Ray (Chrono Boost)  
  51  4:16  Pylon  
  55  4:19  Probe  
  55  4:21  Probe  
  57  4:34  Probe  
  57  4:35  Nexus  
  57  4:36  Probe  
  57  4:37  Pylon  
  59  4:47  Fleet Beacon, Probe  
  59  4:49  Probe  
  59  4:52  Phoenix (Chrono Boost)  
  63  4:58  Forge  
  63  5:03  Pylon  
  63  5:04  Probe  
  63  5:05  Probe  
  65  5:14  Probe  
  65  5:15  Phoenix (Chrono Boost)  
  65  5:17  Probe  
  69  5:26  Stargate  
  69  5:29  Stargate  
  69  5:30  Probe  
  69  5:31  Stargate  
  69  5:32  Probe  
  69  5:34  Photon Cannon  
  71  5:39  Photon Cannon  
  71  5:40  Phoenix (Chrono Boost)  
  73  5:50  Protoss Air Weapons Level 1 (Chrono Boost)  
  73  5:51  Probe  
  73  5:52  Probe, Graviton Catapult  
  73  5:53  Probe  
  73  5:56  Assimilator  
  76  5:58  Assimilator  
  76  6:04  Phoenix  
  78  6:13  Photon Cannon  
  78  6:16  Probe  
  78  6:17  Probe  
  80  6:18  Probe  
  80  6:21  Carrier  
  87  6:30  Pylon  
  87  6:32  Carrier  
  93  6:34  Photon Cannon  
  93  6:47  Probe x2  
  93  6:48  Probe  
  96  6:57  Probe  
  96  6:58  Probe  
  96  7:00  Probe  
  99  7:04  Carrier x2  
  111  7:09  Photon Cannon  
  111  7:10  Photon Cannon  
  111  7:14  Photon Cannon  
  111  7:15  Pylon  
  111  7:29  Photon Cannon  
  111  7:33  Pylon  
  111  7:38  Pylon  
  111  7:40  Protoss Air Weapons Level 2 (Chrono Boost)  
  111  7:47  Carrier (Chrono Boost)  
  123  8:04  Carrier (Chrono Boost)  
  129  8:35  Carrier (Chrono Boost)  
  129  8:40  Carrier (Chrono Boost)  
  129  8:41  Nexus  
  135  8:44  Pylon  
  135  8:45  Pylon  
  135  8:52  Pylon  
  135  8:56  Pylon  
  135  9:02  Photon Cannon  
  135  9:06  Photon Cannon x2  
  135  9:07  Zealot  
  143  9:10  Carrier (Chrono Boost), Photon Cannon  
  143  9:12  Photon Cannon  
  147  9:34  Zealot  
  147  9:37  Carrier (Chrono Boost)  
  141  9:43  Protoss Air Weapons Level 3  
  136  9:47  Photon Cannon  
  136  9:52  Carrier (Chrono Boost)  
  142  10:04  Probe x3  
  151  10:13  Carrier (Chrono Boost)  
  151  10:14  Photon Cannon  
  151  10:15  Photon Cannon  
  151  10:16  Probe  
  151  10:18  Photon Cannon  
  152  10:22  Photon Cannon  
  152  10:25  Carrier (Chrono Boost)  
  152  10:26  Photon Cannon  
  158  10:31  Assimilator  
  158  10:35  Assimilator  
  158  10:37  Photon Cannon  
  158  10:40  Pylon  
  163  11:04  Carrier (Chrono Boost)  
  163  11:07  Nexus  
  159  11:14  Pylon  
  159  11:16  Pylon  
  159  11:18  Pylon  
  159  11:20  Pylon  
  159  11:32  Photon Cannon  
  159  11:38  Carrier (Chrono Boost)  
  165  11:52  Oracle (Chrono Boost)  
  174  12:03  Photon Cannon x2  
  174  12:04  Photon Cannon  
  174  12:05  Carrier (Chrono Boost)  
  174  12:07  Photon Cannon  
  174  12:12  Zealot  
  174  12:18  Probe  
  174  12:20  Probe x2  
  174  12:21  Photon Cannon  
  168  12:46  Photon Cannon  
  168  12:50  Pylon  
  168  12:53  Pylon  
  168  12:58  Protoss Air Armor Level 1  
  168  13:07  Carrier (Chrono Boost)  
  186  13:13  Probe  
  186  13:15  Probe x2  
  186  13:18  Carrier (Chrono Boost)  
  189  13:20  Carrier (Chrono Boost)  
  189  13:21  Photon Cannon  
  189  13:35  Nexus  
  189  13:37  Pylon  
  189  13:48  Photon Cannon  
  189  13:49  Zealot  
  188  14:21  Carrier (Chrono Boost)  
  188  14:23  Void Ray (Chrono Boost)  
  192  14:38  Void Ray (Chrono Boost)  
  196  14:39  Protoss Air Armor Level 2  
  198  14:50  Void Ray (Chrono Boost)  
  198  14:52  Photon Cannon  
  198  14:55  Photon Cannon  
  198  15:10  Photon Cannon  
  198  15:16  Twilight Council  
  198  15:21  Protoss Ground Weapons Level 1 (Chrono Boost)  
  198  15:56  Nexus  
  190  16:10  Pylon  
  190  16:11  Pylon  
  190  16:17  Templar Archives  
  190  16:24  Assimilator  
  190  16:28  Assimilator  
  190  16:39  Zealot  
  192  16:43  Robotics Facility  
  175  17:08  Zealot  
  175  17:09  Nexus  
  171  17:23  Photon Cannon  
  171  17:27  Photon Cannon  
  171  17:32  Photon Cannon x2  
  171  17:35  Pylon  
  171  17:36  Pylon  
  171  17:43  Observer  
  172  18:06  Photon Cannon  
  172  18:07  Photon Cannon  
  172  18:12  Photon Cannon  
  172  18:13  Pylon, Photon Cannon  
  172  18:14  Pylon  
  172  18:17  Pylon  
  160  19:28  Nexus  
  160  19:33  Pylon  
  160  19:34  Pylon  
  160  19:35  Pylon  
  160  19:45  Protoss Air Armor Level 3  
  148  20:28  Photon Cannon x2  
  148  20:30  Photon Cannon  
  148  20:32  Photon Cannon  
  148  20:37  Zealot  
  148  21:06  Nexus  
  148  21:09  Photon Cannon  
  148  21:30  Photon Cannon  
  148  21:32  Pylon  
  148  21:34  Photon Cannon  
  148  22:02  Nexus  
  148  22:35  Pylon  
  148  22:36  Pylon  
  148  22:38  Probe x2  
  148  22:39  Probe, Pylon  
  148  22:40  Probe  
  152  23:01  High Templar  
  152  23:04  Gateway  
  154  23:06  Psionic Storm  
  154  23:07  Gateway  
  154  23:12  Gateway  
  154  23:14  Gateway  
  154  23:21  Probe x3  
  154  23:22  Probe x2  
  159  23:32  Probe  
  160  23:34  Probe  
  160  23:37  High Templar  
  163  23:43  Probe  
  163  23:47  Probe  
  164  23:53  Probe  
  166  23:58  Probe  
  167  24:08  Probe  
  167  24:09  High Templar x2  
  171  24:11  High Templar  
  171  24:12  High Templar  
  176  24:19  Probe  
  177  24:30  Probe  
  176  24:44  Archon  
  170  24:51  Photon Cannon  
  153  24:53  Photon Cannon  
  153  24:55  Photon Cannon  
  153  24:58  High Templar x4  
  160  25:00  Photon Cannon  
  160  25:01  Photon Cannon  
  157  25:07  Archon x2  
  157  25:09  High Templar  
  159  25:23  Carrier x4  
  159  25:28  Assimilator  
  183  25:33  Assimilator  
  183  25:49  High Templar x2  
  187  25:50  High Templar x3  
  193  26:01  Probe  
  192  26:14  Templar Archives  
  191  26:49  Archon  
  191  26:56  Archon  
  191  27:06  Probe  
  178  27:09  Nexus  
  178  27:12  Pylon  
  178  27:14  Pylon  
  176  27:16  Pylon  
  176  27:18  Pylon  
  176  27:23  Pylon  
  176  27:25  Assimilator  
  176  27:29  Assimilator  
  175  27:32  Probe  
  176  27:43  Probe  
  176  27:51  Forge  
  177  27:53  Probe  
  178  28:11  Gateway  
  178  28:12  Gateway  
  178  28:15  Gateway  
  178  28:16  Gateway  
  178  28:19  Gateway  
  178  28:37  Photon Cannon  
  178  28:38  Photon Cannon  
  178  28:43  Photon Cannon  
  178  28:46  Photon Cannon  
  178  29:01  Photon Cannon  
  178  29:05  Photon Cannon  
  187  29:46  Cybernetics Core  
  187  30:02  Pylon  
Tags
 
Add a new tag
Caveats
  • Supply blocks, unpowered buildings, or Contaminate may cause inaccurate times.
  • Supply counts are checked every 10 seconds.